 Dungeon Crawl Stone Soup version 0.27-a0-92-g39ad13b146 (webtiles) character file.

Game seed: 9920739546367487855

68 kae the Insei (level 4, -2/28 HPs)
             Began as a Tengu Monk on Jan 15, 2021.
             Slain by a worm (11 damage)
             ... on level 2 of the Dungeon.
             The game lasted 00:01:01 (1680 turns).

kae the Insei (Tengu Monk)                          Turns: 1680, Time: 00:01:01

Health: -2/28      AC:  2    Str: 12    XL:     4   Next: 19%
Magic:  14/14      EV: 14    Int: 10    God:
Gold:   60         SH:  0    Dex: 17    Spells: 3/3 levels left

rFire    . . .     SeeInvis .     - Unarmed
rCold    . . .     Faith    .   (no shield)
rNeg     . . .     Spirit   .   a - +0 robe
rPois    .         Reflect  .   (helmet restricted)
rElec    .         Harm     .   (no cloak)
rCorr    .         Rampage  .   (no gloves)
Will     .....                  (boots unavailable)
Stlth    ++........             (no amulet)
HPRegen  0.09/turn              j - ring of magical power
MPRegen  0.14/turn              (no ring)

@: no status effects
A: beak, talons 3
a: no special abilities


You were on level 2 of the Dungeon.
You visited 1 branch of the dungeon, and saw 2 of its levels.

You collected 60 gold pieces.

Inventory:

Armour
 a - a +0 robe (worn)
Jewellery
 c - an uncursed amulet of the acrobat {unknown}
 g - a cursed ring of teleportation {unknown}
 j - a ring of magical power (left hand)
Scrolls
 d - a scroll of blinking
Potions
 b - 2 potions of curing
 e - 2 potions of lignification {unknown}
 f - a potion of resistance {unknown}
 i - a potion of berserk rage {unknown}


   Skills:
 + Level 3.4 Fighting
 + Level 1.4 Armour
 + Level 3.7 Dodging
 - Level 2.0 Stealth
 * Level 4.2 Unarmed Combat


You had 3 spell levels left.
You didn't know any spells.
Your spell library was empty.

Dungeon Overview and Level Annotations

Branches:
Dungeon (2/15)

Altars:
Hepliaklqana
Xom


Innate Abilities, Weirdness & Mutations

You have a beak for a mouth.
You have claws for feet.


Message History

The jackal misses you. The jackal closely misses you. The jackal bites you.
You hit the jackal.
You kill the jackal!
The jackal barely misses you.
You barely miss the worm. You claw the worm, but do no damage.
The jackal completely misses you.
You hit the worm. You peck the worm.
The worm is moderately wounded.
The jackal bites you. The worm bites you! The jackal completely misses you.
You are too injured to fight recklessly!
You are too injured to fight recklessly!
You are too injured to fight recklessly!
You are too injured to fight recklessly!
You are too injured to fight recklessly!
You see here a +0 club.
The jackal misses you.
You hit the jackal.
You kill the jackal!
The worm bites you!
You die...

*,,*****,*,*,* *.#
#.# **,,*****,,,,,*
*.# #.#
,,,,,,,**,,,*** *.#
#.#
,,,,,,,*#,,,***##.#
#.#
,,,,,,,*#..,,,,...#
#.#
,,,,,,,,.....###..#
#.#
,,,,,,,*#...>.†...#
#.#
,,,,,,,*#...####w##
#.# .,,,,,,*#,,,*
#@# #.#
.,,,,,,,,,,,* #.#
#.# #*,*****,,,,*
#.# #.# *,* **,*,*
#.# #.#
**,******,*,*
#.########.#
.,,,,,,,,,,,*
#..........#
#********,***
############ ##***
*,* [.,,*****,*


You could see a worm.

Vanquished Creatures
  An adder (D:2)
  2 oozes (D:2)
  2 worms (D:2)
  A dart slug (D:1)
  A giant cockroach (D:2)
  6 goblins
  3 hobgoblins
  7 jackals (D:2)
  7 bats
  5 frilled lizards
  5 kobolds
  3 rats
43 creatures vanquished.

Notes
Turn   | Place    | Note
-------+----------+-------------------------------------------
     0 | D:1      | kae the Tengu Monk began the quest for the Orb.
     0 | D:1      | Reached XP level 1. HP: 14/14 MP: 2/2
   190 | D:1      | Reached XP level 2. HP: 19/19 MP: 3/3
   841 | D:2      | Reached skill level 1 in Armour
  1008 | D:2      | Reached XP level 3. HP: 23/23 MP: 4/4
  1021 | D:2      | Found a hazy altar of Hepliaklqana.
  1022 | D:2      | Found a shimmering altar of Xom.
  1023 | D:2      | Noticed a spectral ugly thing
  1230 | D:2      | Reached skill level 4 in Unarmed Combat
  1424 | D:2      | Reached XP level 4. HP: 28/28 MP: 5/5
  1680 | D:2      | Slain by a worm

Illustrated notes

Levels and vault maps discovered:
D:1:      scummos_arrival_gate, layout_basic
D:2:      layout_loops_ring, regret_index_temple_of_mockery,
          minmay_stone_trees_small, st_stairs_2

Skill      XL: |  1  2  3 |
---------------+----------+-----
Armour         | 1 |  1.4
Unarmed Combat | 4 |  4.2
Fighting       | |  3.4
Dodging        | |  3.7
Stealth        | |  2.0

Action                   |  1- 3 |  4- 6 || total
-------------------------+-------+-------++-------
Melee: Unarmed           |    91 |    18 ||   109
       Kick              |    15 |     5 ||    20
       Peck              |    15 |     4 ||    19
       Punch             |     1 |     1 ||     2
  Use: Scroll            |     4 |       ||     4
 Stab: Sleeping          |     7 |     2 ||     9
Armor: Robe              |     8 |       ||     8
Dodge: Dodged            |    57 |    15 ||    72

Table legend: (Time is in decaauts)
 A = Elapsed time spent in this place.
 B = Non-inter-level travel time spent in this place.
 C = Inter-level travel time spent in this place.
 D = Time resting spent in this place.
 E = Time spent auto-exploring this place.
 F = Levels seen in this place.
 G = Mean time per level.
                   A        B        C        D        E       F      G
               +--------+--------+--------+--------+--------+-----+--------+
         Total |   1671 |   1655 |     16 |    145 |   1268 |   2 |  835.5 |
       Dungeon |   1671 |   1655 |     16 |    145 |   1268 |   2 |  835.5 |
               +--------+--------+--------+--------+--------+-----+--------+

Top non-repeatable levels by time:
     D:2: 868 daAuts
     D:1: 803 daAuts
